 Dungeon Crawl Stone Soup version 0.29-a0-1027-gcd8c55af63 (webtiles) character file.

Game seed: 17768048822330602763

7 Manisian the Sneak (level 1, 0/9 HPs)
             Began as a Spriggan Enchanter on Aug 12, 2022.
             Slain by a quokka (5 damage)
             ... on level 1 of the Dungeon.
             The game lasted 00:02:41 (428 turns).

Manisian the Sneak (Spriggan Enchanter)              Turns: 428, Time: 00:02:42

Health: 0/9        AC:  2    Str:  4    XL:     1   Next: 91%
Magic:  5/5        EV: 17    Int: 16    God:
Gold:   30         SH:  0    Dex: 15    Spells: 6/6 levels left

rFire   . . .      SeeInvis +   a - +1 dagger
rCold   . . .      Faith    .   (no shield)
rNeg    . . .      Spirit   .   b - +0 robe
rPois   .          Reflect  .   (helmet restricted)
rElec   .          Harm     .   (no cloak)
rCorr   .          Rampage  .   (gloves unavailable)
Will    .....                   (boots unavailable)
Stlth   +++.......              (no amulet)
HPRegen 0.03/turn               (no ring)
MPRegen 0.09/turn               (no ring)

@: very quick
A: very small, no large weapons, unfitting armour, see invisible, speed 3
a: no special abilities


You were on level 1 of the Dungeon.
You visited 1 branch of the dungeon, and saw 1 of its levels.

You collected 30 gold pieces.

Inventory:

Hand Weapons
 a - a +1 dagger (weapon)
Missiles
 e - a throwing net (quivered)
Armour
 b - a +0 robe (worn)
Scrolls
 d - 2 scrolls of amnesia {unknown}
Potions
 c - 2 potions of invisibility
 f - a potion of lignification {unknown}


   Skills:
 - Level 1.1 Short Blades
 - Level 2.6 Dodging
 + Level 4.4 Stealth
 + Level 3.1 Spellcasting
 - Level 4.0 Hexes


You had 6 spell levels left.
You didn't know any spells.
Your spell library contained the following spells:

 Spells                   Type           Power      Damage    Failure   Level
 Confusing Touch          Hex            15%        N/A       11%         3
 Tukima's Dance           Hex            15%        N/A       11%         3
 Ensorcelled Hibernation  Hex/Ice        16%        N/A       12%         2
 Dazzling Flash           Conj/Hex       16%        N/A       24%         3


Dungeon Overview and Level Annotations

Branches:
Dungeon (1/15)

Altars:


Innate Abilities, Weirdness & Mutations

You are very small and have problems with some larger weapons.
You are too small for most types of armour.
You have supernaturally acute eyesight. (SInv)
You cover ground extremely quickly. (Speed+++)


Message History

You are frozen.
You hit the endoplasm.
The endoplasm is severely wounded.
The endoplasm misses you.
You hit the endoplasm.
You kill the endoplasm!
Training target 4.0 for Hexes reached!
Your Hexes skill increases to level 4!
You start resting.
HP restored.
There is an open door here.
The kobold shouts!
The kobold throws a stone.
The stone closely misses you.
You closely miss the kobold. The kobold misses you.
You hit the kobold but do no damage. The kobold closely misses you.
You hit the kobold.
You kill the kobold!
Things that are here:
a +0 short sword; a stone
f - a puce potion You now have 30 gold pieces (gained 10).
A quokka comes into view.
A quokka is nearby!
You hit the quokka but do no damage. The quokka bites you.
You miss the quokka. The quokka closely misses you.
You closely miss the quokka. The quokka misses you. x2
You hit the quokka but do no damage. The quokka completely misses you.
You barely miss the quokka. The quokka bites you.
You hit the quokka but do no damage. The quokka misses you.
You barely miss the quokka. The quokka bites you.
You closely miss the quokka. The quokka barely misses you.
You barely miss the quokka. The quokka bites you.
You barely miss the quokka. The quokka barely misses you.
You barely miss the quokka.
The quokka bites you but does no damage.
The quokka closely misses you.
You miss the quokka. The quokka closely misses you.
You hit the quokka but do no damage. The quokka bites you.
Ouch! That really hurt!
You die...

#.###.# #.# ###.....#
#.# ....##### #.# ###'##
#.### ##...## #...#
#.....## ###.# .....>.##
##..#
........####...#########
........+.......@r......
........####...#####.###
.......## ##..# #.....##
##.# ##...## #.. ###+##
### # #.# # #.# ###.##


You could see a quokka.

Vanquished Creatures
  An endoplasm (D:1)
  A giant cockroach (D:1)
  2 goblins (D:1)
  A hobgoblin (D:1)
  A kobold (D:1)
6 creatures vanquished.

Vanquished Creatures (others)
  3 plants (D:1)
3 creatures vanquished.

Grand Total: 9 creatures vanquished

Notes
Turn   | Place    | Note
-------+----------+-------------------------------------------
     0 | D:1      | Manisian the Spriggan Enchanter began the quest for the
                  | Orb.
     0 | D:1      | Reached XP level 1. HP: 9/9 MP: 5/5
   124 | D:1      | Found a faded altar of an unknown god.
   428 | D:1      | Slain by a quokka

Illustrated notes

Levels and vault maps discovered:
D:1:      erik_arrival_orb_chamber, layout_loops_corners,
          shapermc_ecumenical_altar_flowoftime

Skill      XL: |  1 |
---------------+----+-----
Spellcasting   | 3 |  3.1
Hexes          | 4 |  4.0
Short Blades   | |  1.1
Dodging        | |  2.6
Stealth        | |  4.4

Action                   || total
-------------------------++-------
Melee: Dagger            ||    41
 Stab: Sleeping          ||     1
Armor: Robe              ||     1
Dodge: Dodged            ||    20

Table legend: (Time is in decaauts)
 A = Elapsed time spent in this place.
 B = Non-inter-level travel time spent in this place.
 C = Inter-level travel time spent in this place.
 D = Time resting spent in this place.
 E = Time spent auto-exploring this place.
 F = Levels seen in this place.
 G = Mean time per level.
                   A        B        C        D        E       F      G
               +--------+--------+--------+--------+--------+-----+--------+
         Total |    341 |    341 |      0 |    164 |     11 |   1 |  341.0 |
       Dungeon |    341 |    341 |      0 |    164 |     11 |   1 |  341.0 |
               +--------+--------+--------+--------+--------+-----+--------+

Top non-repeatable levels by time:
     D:1: 341 daAuts
